Map: Sueño eterno EE

Players

MrFercho

  • Race: Zerg Zerg
  • League: Gold
  • Spawn Location: 7:00

mastertiger - Winner!

  • Race: Zerg Zerg
  • League: Platinum
  • Spawn Location: 1:00

VOD

Have the link to the VOD?

Description

Time

  • Played on: July 24, 2020, 6:47 p.m.
  • Length: 4:22
Show
View Real Time Build Order
Export as new Build Order

MrFercho Zerg 

Build Orders: Hatch First 

Get SALT Encoding   

  12  0:01  Drone  
  13  0:13  Overlord  
  13  0:17  Drone  
  14  0:31  Drone x2  
  16  0:53  Hatchery, Drone  
  11  1:55  Spawning Pool  
  1  3:05  Drone  
Show
View Real Time Build Order
Export as new Build Order

mastertiger Zerg - Winner!

Build Orders: Pool First 

Get SALT Encoding   

  12  0:03  Extractor  
  11  0:18  Drone  
  13  0:36  Drone  
  14  1:15  Overlord  
  14  1:42  Drone  
  15  1:56  Drone  
  16  2:16  Drone  
  17  2:31  Drone x2  
  19  2:40  Drone  
  20  3:04  Extractor  
  19  3:25  Spawning Pool  
  18  3:52  Hatchery  
Tags
 
Matchup
ZvZ
Race
Zerg
Replay Pack
MrFercho
Spawn Locations
Cross Positions
Add a new tag
Caveats
  • Supply blocks, unpowered buildings, or Contaminate may cause inaccurate times.
  • Supply counts are checked every 10 seconds.